3R
GREENPORT HARBOR WHALES @ AMARILLO SUBMARINOS
07/11/2034
 
TOP OF THE 1ST
Greenport Harbor Whales batting - Pitching for Amarillo Submarinos : RHP Ean Somoza
Pitching: RHP Ean Somoza
Batting: SHB Joel Washington 0-0: Ball
1-0: Foul Ball, location: 2F
1-1: Foul Ball, location: 2F
1-2: Strikes out looking
Batting: SHB Cal Ellis 0-0: Ball
1-0: Called Strike
1-1: Foul Ball, location: 2F
1-2: Strikes out looking
Batting: RHB Ramón González 0-0: Ball
1-0: Called Strike
1-1: Foul Ball, location: 2F
1-2: Ground out U3 (Groundball, 34)
Top of the 1st over - 0 runs, 0 hits, 0 errors, 0 left on base; Greenport 0 - Amarillo 0
BOTTOM OF THE 1ST
Amarillo Submarinos batting - Pitching for Greenport Harbor Whales : LHP Félix Cordero
Pitching: LHP Félix Cordero
Batting: LHB António Muńóz 0-0: Ball
1-0: Ball
2-0: Ball
3-0: Base on Balls
Batting: RHB Bob Grant 0-0: Fly out, F8 (Line Drive, 8LM)
Batting: LHB Riley Rowbery 0-0: Called Strike
Throwing error on steal attempt, E2
António Muńóz to third
0-1: Foul Ball, location: 2F
0-2: Ball
1-2: Ball
2-2: Ball
3-2: Base on Balls
Batting: SHB Hélio Capriati 0-0: Called Strike
0-1: Ball
1-1: Grounds into double play, 5-4-3 (Groundball, 56)
Bottom of the 1st over - 0 runs, 0 hits, 1 error, 1 left on base; Greenport 0 - Amarillo 0
TOP OF THE 2ND
Greenport Harbor Whales batting - Pitching for Amarillo Submarinos : RHP Ean Somoza
Batting: RHB Alexis Hines 0-0: Ball
1-0: Ball
2-0: Ball
3-0: Called Strike
3-1: Called Strike
3-2: Strikes out swinging
Batting: RHB Jon Walker 0-0: Called Strike
0-1: Called Strike
0-2: Ball
1-2: Ball
2-2: Foul Ball, location: 2F
2-2: Ball
3-2: Strikes out swinging
Batting: LHB Jun Yang 0-0: Ball
1-0: Foul Ball, location: 2F
1-1: Fly out, F9 (Flyball, 89S)
Top of the 2nd over - 0 runs, 0 hits, 0 errors, 0 left on base; Greenport 0 - Amarillo 0
BOTTOM OF THE 2ND
Amarillo Submarinos batting - Pitching for Greenport Harbor Whales : LHP Félix Cordero
Batting: LHB Lawrence Perry 0-0: Foul Ball, location: 2F
0-1: Foul Ball, location: 2F
0-2: Ball
1-2: Foul Ball, location: 2F
1-2: Ball
2-2: Fly out, F4 (Line Drive, 4)
Batting: RHB Jun-soo Yi 0-0: Called Strike
0-1: Fly out, F4 (Popup, 34)
Batting: RHB Micah Nelson 0-0: Ball
1-0: Swinging Strike
1-1: Ball
2-1: Fly out, F7 (Flyball, 78M)
Bottom of the 2nd over - 0 runs, 0 hits, 0 errors, 0 left on base; Greenport 0 - Amarillo 0
TOP OF THE 3RD
Greenport Harbor Whales batting - Pitching for Amarillo Submarinos : RHP Ean Somoza
Batting: RHB Pung-cho Chang 0-0: Ball
1-0: Called Strike
1-1: Foul Ball, location: 2F
1-2: Ball
2-2: Ball
3-2: Strikes out looking
Batting: RHB Kent Potter 0-0: Called Strike
0-1: Fly out, F7 (Flyball, 7S)
Batting: RHB Richard Armitage 0-0: Ball
1-0: Ball
2-0: Ball
3-0: Called Strike
3-1: Foul Ball, location: 2F
3-2: Strikes out looking
Top of the 3rd over - 0 runs, 0 hits, 0 errors, 0 left on base; Greenport 0 - Amarillo 0
BOTTOM OF THE 3RD
Amarillo Submarinos batting - Pitching for Greenport Harbor Whales : LHP Félix Cordero
Batting: RHB Roger Snodgrass 0-0: Swinging Strike
0-1: Foul Ball, location: 2F
0-2: Ball
1-2: Strikes out swinging
Batting: RHB Enrique De La Rosa 0-0: Ball
1-0: Called Strike
1-1: Ball
2-1: Reached on error, E6 (Groundball, 6)
Batting: LHB António Muńóz 0-0: Fly out, F8 (Flyball, 8RS)
Batting: RHB Bob Grant 0-0: Foul Ball, location: 2F
0-1: Fly out, F9 (Line Drive, 9D)
Bottom of the 3rd over - 0 runs, 0 hits, 1 error, 1 left on base; Greenport 0 - Amarillo 0
TOP OF THE 4TH
Greenport Harbor Whales batting - Pitching for Amarillo Submarinos : RHP Ean Somoza
Batting: SHB Joel Washington 0-0: Called Strike
0-1: Swinging Strike
0-2: Foul Ball, location: 2F
0-2: Foul Ball, location: 2F
0-2: Strikes out swinging
Batting: SHB Cal Ellis 0-0: SINGLE (Flyball, 8RS)
Batting: RHB Ramón González 0-0: Foul Ball, location: 2F
0-1: Ball
1-1: Ball
2-1: Foul Ball, location: 2F
2-2: Strikes out swinging
Batting: RHB Alexis Hines 0-0: Ball
1-0: SINGLE (Groundball, 6MD)
Cal Ellis to second
Runner from 2nd tries for 3rd, SAFE, throw made to third
Batting: RHB Jon Walker 0-0: Called Strike
0-1: Ball
1-1: Ball
2-1: Foul Ball, location: 2F
2-2: Strikes out swinging
Top of the 4th over - 0 runs, 2 hits, 0 errors, 2 left on base; Greenport 0 - Amarillo 0
BOTTOM OF THE 4TH
Amarillo Submarinos batting - Pitching for Greenport Harbor Whales : LHP Félix Cordero
Batting: LHB Riley Rowbery 0-0: Ball
1-0: SINGLE (Groundball, 56S) (infield hit)
Batting: SHB Hélio Capriati 0-0: Called Strike
0-1: Ball
1-1: Fly out, F9 (Flyball, 9LS)
Batting: LHB Lawrence Perry 0-0: Called Strike
0-1: Ball
1-1: Swinging Strike
1-2: Ball
2-2: Foul Ball, location: 2F
2-2: Strikes out swinging
Batting: RHB Jun-soo Yi 0-0: Ball
1-0: Foul Ball, location: 2F
1-1: Ball
2-1: Ball
3-1: Base on Balls
Riley Rowbery to second
Pitching: RHP Myeong-hun Tae
Batting: RHB Micah Nelson 0-0: Ball
1-0: Called Strike
1-1: Called Strike
1-2: Ball
2-2: Fly out, F8 (Flyball, 8LD)
Bottom of the 4th over - 0 runs, 1 hit, 0 errors, 2 left on base; Greenport 0 - Amarillo 0
TOP OF THE 5TH
Greenport Harbor Whales batting - Pitching for Amarillo Submarinos : RHP Ean Somoza
Batting: LHB Jun Yang 0-0: Foul Ball, location: 2F
0-1: Swinging Strike
0-2: Foul Ball, location: 2F
0-2: Ball
1-2: Ball
2-2: Strikes out looking
Batting: RHB Pung-cho Chang 0-0: Called Strike
0-1: Called Strike
0-2: Ball
1-2: Foul Ball, location: 2F
1-2: Ball
2-2: Strikes out swinging
Batting: RHB Kent Potter 0-0: Ball
1-0: DOUBLE (Flyball, 89D)
Batting: RHB Richard Armitage 0-0: Called Strike
0-1: Foul Ball, location: 2F
0-2: Strikes out swinging
Top of the 5th over - 0 runs, 1 hit, 0 errors, 1 left on base; Greenport 0 - Amarillo 0
BOTTOM OF THE 5TH
Amarillo Submarinos batting - Pitching for Greenport Harbor Whales : RHP Myeong-hun Tae
Batting: RHB Roger Snodgrass 0-0: Foul Ball, location: 2F
0-1: Ball
1-1: Ball
2-1: Ball
3-1: Called Strike
3-2: Foul Ball, location: 2F
3-2: Ground out 5-3 (Groundball, 56S)
Batting: RHB Enrique De La Rosa 0-0: Ball
1-0: Ball
2-0: Foul Ball, location: 2F
2-1: Ground out 5-3 (Groundball, 56)
Batting: LHB António Muńóz 0-0: Swinging Strike
0-1: Ball
1-1: Foul Ball, location: 2F
1-2: Ground out 1-3 (Groundball, 13S)
Bottom of the 5th over - 0 runs, 0 hits, 0 errors, 0 left on base; Greenport 0 - Amarillo 0
TOP OF THE 6TH
Greenport Harbor Whales batting - Pitching for Amarillo Submarinos : RHP Ean Somoza
Batting: SHB Joel Washington 0-0: Ball
1-0: Foul Ball, location: 2F
1-1: Ball
2-1: Foul Ball, location: 2F
2-2: Foul Ball, location: 2F
2-2: Ball
3-2: Hit by Pitch
Batting: SHB Cal Ellis 0-0: Bunted foul
0-1: Bunted foul
0-2: Ball
1-2: Ground out U3 (Groundball, 3)
Joel Washington to second
Batting: RHB Ramón González 0-0: Called Strike
0-1: Swinging Strike
0-2: Ball
1-2: Strikes out looking
Pitching: RHP Hui Ruan
Batting: RHB Alexis Hines 0-0: SINGLE (Groundball, 4S) (infield hit)
Joel Washington to third
Batting: RHB Jon Walker 0-0: Called Strike
0-1: SINGLE (Groundball, 56D)
Joel Washington scores
Alexis Hines to second
Batting: LHB Jun Yang 0-0: Called Strike
0-1: Ground out 4-3 (Groundball, 34D)
Top of the 6th over - 1 run, 2 hits, 0 errors, 2 left on base; Greenport 1 - Amarillo 0
BOTTOM OF THE 6TH
Amarillo Submarinos batting - Pitching for Greenport Harbor Whales : RHP Myeong-hun Tae
Batting: RHB Bob Grant 0-0: Fly out, F8 (Flyball, 8RD)
Batting: LHB Riley Rowbery 0-0: Ball
1-0: Ground out 5-3 (Groundball, 56)
Batting: SHB Hélio Capriati 0-0: Ball
1-0: Foul Ball, location: 2F
1-1: Ball
2-1: Fly out, F9 (Flyball, 9D)
Bottom of the 6th over - 0 runs, 0 hits, 0 errors, 0 left on base; Greenport 1 - Amarillo 0
TOP OF THE 7TH
Greenport Harbor Whales batting - Pitching for Amarillo Submarinos : RHP Hui Ruan
Batting: RHB Pung-cho Chang 0-0: Ball
1-0: Ball
2-0: Foul Ball, location: 2F
2-1: SINGLE (Flyball, 9LM)
Batting: RHB Kent Potter 0-0: Sac Bunt - play at first, batter OUT! 3-4
Pung-cho Chang to second
Pinch Hitting: LHB Francisco Torres 0-0: Ball
1-0: Ball
2-0: Ball
3-0: Base on Balls
Batting: SHB Joel Washington 0-0: Ball
1-0: Called Strike
1-1: Swinging Strike
1-2: Ball
2-2: Ball
3-2: Foul Ball, location: 2F
3-2: Fly out, F7 (Flyball, 78D)
Batting: SHB Cal Ellis 0-0: Ball
1-0: Ball
2-0: Ball
3-0: Called Strike
3-1: Fly out, F8 (Flyball, 8RS)
Top of the 7th over - 0 runs, 1 hit, 0 errors, 2 left on base; Greenport 1 - Amarillo 0
BOTTOM OF THE 7TH
Amarillo Submarinos batting - Pitching for Greenport Harbor Whales : RHP Myeong-hun Tae
Now in LF: Francisco Torres
Batting: LHB Lawrence Perry 0-0: Ball
1-0: Ball
2-0: Ground out U3 (Groundball, 34)
Batting: RHB Jun-soo Yi 0-0: Called Strike
0-1: Swinging Strike
0-2: Fly out, F8 (Flyball, 78D)
Batting: RHB Micah Nelson 0-0: Called Strike
0-1: Fly out, F8 (Flyball, 8RM)
Bottom of the 7th over - 0 runs, 0 hits, 0 errors, 0 left on base; Greenport 1 - Amarillo 0
TOP OF THE 8TH
Greenport Harbor Whales batting - Pitching for Amarillo Submarinos : RHP Hui Ruan
Batting: RHB Ramón González 0-0: Foul Ball, location: 2F
0-1: Foul Ball, location: 2F
0-2: Foul Ball, location: 2F
0-2: Ball
1-2: Ground out 5-3 (Groundball, 5L)
Batting: RHB Alexis Hines 0-0: Called Strike
0-1: Ball
1-1: Ball
2-1: Called Strike
2-2: Foul Ball, location: 2F
2-2: Strikes out swinging
Batting: RHB Jon Walker 0-0: Called Strike
0-1: Ball
1-1: Swinging Strike
1-2: Foul Ball, location: 2F
1-2: Strikes out swinging
Top of the 8th over - 0 runs, 0 hits, 0 errors, 0 left on base; Greenport 1 - Amarillo 0
BOTTOM OF THE 8TH
Amarillo Submarinos batting - Pitching for Greenport Harbor Whales : RHP Myeong-hun Tae
Now at C: Jesús Marguel
Now at 3B: Hae-young Kwak
Batting: RHB Roger Snodgrass 0-0: Ball
1-0: Ball
2-0: Ball
3-0: Called Strike
3-1: SINGLE (Groundball, 34D)
Pitching: RHP Alonso Rodríguez
Batting: RHB Enrique De La Rosa 0-0: Called Strike
0-1: Called Strike
0-2: Strikes out looking
Batting: LHB António Muńóz 0-0: Foul Ball, location: 2F
0-1: Foul Ball, location: 2F
0-2: Fly out, F5 (Popup, 5F)
Batting: RHB Bob Grant 0-0: Fly out, F3 (Popup, 3SF)
Bottom of the 8th over - 0 runs, 1 hit, 0 errors, 1 left on base; Greenport 1 - Amarillo 0
TOP OF THE 9TH
Greenport Harbor Whales batting - Pitching for Amarillo Submarinos : RHP Hui Ruan
Pitching: LHP António Moreno
Batting: LHB Jun Yang 0-0: Swinging Strike
0-1: Ball
1-1: Foul Ball, location: 2F
1-2: Ball
2-2: Ball
3-2: Strikes out swinging
Batting: RHB Pung-cho Chang 0-0: Ball
1-0: Ball
2-0: Foul Ball, location: 2F
2-1: Foul Ball, location: 2F
2-2: Strikes out swinging
Batting: RHB Kent Potter 0-0: Ball
1-0: Ball
2-0: Foul Ball, location: 2F
2-1: Ball
3-1: Called Strike
3-2: Base on Balls
Pinch Hitting: RHB Ian Sankey 0-0: Called Strike
0-1: Called Strike
0-2: Fly out, F8 (Flyball, 8RD)
Top of the 9th over - 0 runs, 0 hits, 0 errors, 1 left on base; Greenport 1 - Amarillo 0
BOTTOM OF THE 9TH
Amarillo Submarinos batting - Pitching for Greenport Harbor Whales : RHP Alonso Rodríguez
Pitching: RHP Orinosuke Sato
Now in LF: Jung-keun Kim
Batting: LHB Riley Rowbery 0-0: Ball
1-0: Ball
2-0: Called Strike
2-1: Ball
3-1: Ground out 4-3 (Groundball, 4)
Batting: SHB Hélio Capriati 0-0: Called Strike
0-1: Ball
1-1: Foul Ball, location: 2F
1-2: Ground out 4-3 (Groundball, 4)
Batting: LHB Lawrence Perry 0-0: Called Strike
0-1: Ball
1-1: Foul Ball, location: 2F
1-2: Ball
2-2: Foul Ball, location: 2F
2-2: Ball
3-2: SINGLE (Groundball, 3D)
Batting: RHB Jun-soo Yi 0-0: Ball
1-0: Foul Ball, location: 2F
1-1: Called Strike
1-2: Foul Ball, location: 2F
1-2: Foul Ball, location: 2F
1-2: Ball
2-2: Strikes out swinging
Bottom of the 9th over - 0 runs, 1 hit, 0 errors, 1 left on base; Greenport 1 - Amarillo 0
Friday, March 29th, 2019 - OOTP Baseball 18.8 Build 76